 Dungeon Crawl Stone Soup version 0.24.0-123-gd5b16e6ec5 (webtiles) character file.

Game seed: 507679129320108952, levelgen mode: deterministic

0 glosham the Skirmisher (level 1, -5/18 HPs)
             Began as a Mummy Abyssal Knight on Dec 30, 2019.
             Was a Follower of Lugonu.
             Slain by a raiju (8 damage)
             ... on level 2 of the Abyss.
             The game lasted 00:03:03 (112 turns).

glosham the Skirmisher (Mummy Abyssal Knight)        Turns: 112, Time: 00:03:03

Health: -5/18      AC:  3    Str: 15    XL:     1   Next: 0%
Magic:  2/2        EV: 11    Int: 11    God:    Lugonu [*.....]
Gold:   8          SH:  0    Dex: 11    Spells: 0/0 levels left

rFire    x . .     SeeInvis .   a - +1 hand axe
rCold    + . .     Gourm    .   (no shield)
rNeg     + + +     Faith    .   b - +0 leather armour
rPois    ∞         Spirit   .   (no helmet)
rElec    .         Reflect  .   (no cloak)
rCorr    .         Harm     .   (no gloves)
MR       .....                  (no boots)
Stlth    +.........             (no amulet)
HPRegen  0.06/turn              (no ring)
MPRegen  0.08/turn              (no ring)

@: no status effects
A: no food or potions, fire vulnerability, cold resistance 1, negative energy
resistance 3, torment resistance, unbreathing
a: Depart the Abyss, Renounce Religion


You were on level 2 of the Abyss.
You worshipped Lugonu.
Lugonu was aware of your devotion.
You were not hungry.

You visited 0 branches of the dungeon, and saw 0 of its levels.
You visited the Abyss 1 time.

You collected 8 gold pieces.

Inventory:

Hand Weapons
 a - a +1 hand axe (weapon)
Armour
 b - a +0 leather armour (worn)
 c - a +2 chain mail of cold resistance
Wands
 g - a wand of digging (5)


   Skills:
 - Level 3.0 Fighting
 * Level 1.5 Axes
 - Level 1.5 Armour
 - Level 0.7 Dodging
 - Level 1.5 Invocations


You couldn't memorise any spells.
You didn't know any spells.
Your spell library was empty.

Dungeon Overview and Level Annotations

Branches:
Dungeon (0/15)

Altars:


Innate Abilities, Weirdness & Mutations

You do not eat or drink.
Your flesh is vulnerable to fire.
You are immune to poison.
Your flesh is cold resistant. (rC+)
You are immune to negative energy. (rN+++)
You are immune to unholy pain and torment.
You can survive without breathing.


Message History

Found a chain mail.
Found a corrupted altar of Lugonu.
Found 8 gold pieces.
You see here 8 gold pieces.
You now have 8 gold pieces.
A small abomination comes into view.
Found a dagger.
Found a leather armour.
A wizard comes into view. It is wielding a +0 short sword.
The wizard shouts!
The wizard casts a spell at you. The bolt of lightning misses you.
A white imp comes into view.
A ynoxinul comes into view.
A brown very ugly thing comes into view.
The brown very ugly thing gurgles horribly!
Found 26 arrows and 26 stones.
Found a bubbling white potion.
You see here 26 stones.
The wizard gestures at you while chanting.
You barely resist.
A small abomination comes into view.
A tentacled starspawn comes into view.
A tentacle flies out from the starspawn's body!
A starspawn tentacle comes into view.
A starspawn tentacle comes into view.
The starspawn tentacle grabs you. The starspawn tentacle constricts you.
Unknown command.
You escape the starspawn tentacle's grasp.
A raiju comes into view.
The raiju barks!
A thrashing horror comes into view.
The starspawn tentacle grabs you. The starspawn tentacle constricts you.
The thrashing horror moves out of view.
You escape the starspawn tentacle's grasp.
The small abomination hits you!
Ouch! That really hurt!
* * * LOW HITPOINT WARNING * * *
The raiju bites you!
You die...

## .## # ##.# X..#
##. ...# ...##.#
#...##.
##.#...##..#... #
#.....#..#..## #.
#......xh...# # #
####...Xu#@..##
#.#......#...#.###..#
#..#....#.#.#.#.# .#
.#..#. #....X...# #
.#....##..##.#### ..#
.#...## .# #.#.u.#..#
.###p.#.#.#..#
..#..##.....##


You could see a raiju and a small abomination.

Vanquished Creatures (others)
  2 starspawn tentacles (Abyss:2)
2 creatures vanquished.

Notes
Turn   | Place    | Note
-------+----------+-------------------------------------------
     0 | Abyss:1  | glosham the Mummy Abyssal Knight began the quest for the
                  | Orb.
     0 | Abyss:1  | Reached XP level 1. HP: 18/18 MP: 2/2
    20 | Abyss:2  | Found a corrupted altar of Lugonu.
    39 | Abyss:2  | Noticed a small abomination
    49 | Abyss:2  | Noticed a wizard
    66 | Abyss:2  | Noticed a ynoxinul
    77 | Abyss:2  | Noticed a brown very ugly thing
    99 | Abyss:2  | Noticed a small abomination
   105 | Abyss:2  | Noticed a large abomination
   105 | Abyss:2  | Noticed a tentacled starspawn
   108 | Abyss:2  | Noticed a raiju
   108 | Abyss:2  | Noticed a thrashing horror
   112 | Abyss:2  | Slain by a raiju

Levels and vault maps discovered:
Abyss:2:  evilmike_abyss_exit_14

Action                   || total
-------------------------++-------
Dodge: Dodged            ||     1

Table legend:
 A = Turns spent in this place as a percentage of turns spent in the entire game.
 B = Non-inter-level travel turns spent in this place as a percentage of non-inter-level travel turns spent in the entire game.
 C = Inter-level travel turns spent in this place as a percentage of turns spent in this place.
 D = Turns resting spent in this place as a percentage of non-inter-level travel turns spent in this place.
 E = Turns spent auto-exploring this place as a percentage of non-inter-level travel turns spent in this place.
 F = Non-inter-level travel turns spent in this place divided by the number of levels of this place that you've seen.
                   A       B       C       D       E      F
               +-------+-------+-------+-------+-------+----------------------
         Total | 100.0 | 100.0 |   0.0 |   0.0 |   0.0 |  56.0
         Abyss | 100.0 | 100.0 |   0.0 |   0.0 |   0.0 |  56.0
               +-------+-------+-------+-------+-------+----------------------

Levels and vault maps discovered:
Abyss:2:  evilmike_abyss_exit_14
